 Dungeon Crawl Stone Soup version 0.17.0-28-g6e173f8 (webtiles) character file.

130 septik the Cudgeler (level 5, 0/54 HPs)
             Began as an Ogre Fighter on Nov 29, 2015.
             Slain by Natasha (2 damage)
             ... on level 3 of the Dungeon.
             The game lasted 00:06:06 (2821 turns).

septik the Cudgeler (Ogre Fighter)                  Turns: 2821, Time: 00:06:06

Health: 0/54       AC:  3    Str: 22    XL:     5   Next: 14%
Magic:  5/5        EV:  8    Int:  7    God:
Gold:   45         SH:  8    Dex:  9    Spells: 0 memorised, 4 levels left

rFire  . . .     SeeInvis .     a - +0 flail
rCold  . . .     Clarity  .     b - +0 robe
rNeg   . . .     SustAt   .     c - +0 shield
rPois  .         Gourm    .     (helmet restricted)
rElec  .         Spirit   .     (no cloak)
rCorr  .         Warding  .     (gloves unavailable)
rMut   .         Stasis   .     (boots unavailable)
MR     .....                    (no amulet)
Stlth  +.........               (no ring)
                                (no ring)

@: hasted, very quick, not resistant to hostile enchantments, very unstealthy
A: unfitting armour, tough skin 1
a: no special abilities


You were on level 3 of the Dungeon.
You were very hungry.

You visited 1 branch of the dungeon, and saw 3 of its levels.

You collected 45 gold pieces.

Inventory:

Hand Weapons
 a - a +0 flail (weapon)
Missiles
 f - 94 stones (quivered)
 h - 16 poisoned needles
 n - 5 javelins
Armour
 b - a +0 robe (worn)
 c - a +0 shield (worn)
Jewellery
 z - an uncursed ring of stealth {unknown}
Scrolls
 i - 5 scrolls of identify {unknown}
 j - 2 scrolls of random uselessness {unknown}
 k - 2 scrolls of teleportation {unknown}
 l - 2 scrolls of amnesia {unknown}
 q - a scroll of fear {unknown}
 r - a scroll of magic mapping {unknown}
 s - 2 scrolls of recharging {unknown}
 v - 2 scrolls of blinking {unknown}
 y - a scroll of remove curse {unknown}
 A - a scroll of enchant weapon {unknown}
Potions
 d - a potion of might
 o - a potion of ambrosia {unknown}
 t - a potion of lignification {unknown}
 u - a potion of agility {unknown}
 w - 5 potions of curing {unknown}
 x - a potion of flight {unknown}
Comestibles
 e - 4 bread rations
 g - a slice of pizza
 p - 2 meat rations


   Skills:
 - Level 4.0 Fighting
 + Level 6.8 Maces & Flails
 - Level 2.6 Dodging
 - Level 2.6 Shields


You had 4 spell levels left.
You didn't know any spells.

Dungeon Overview and Level Annotations

Branches:
Dungeon (3/15)

Altars:
Nemelex Xobeh

Annotations:
D:3 Natasha; Scarn's ghost, amateur MiVM


Innate Abilities, Weirdness & Mutations

You are too large for most types of armour.
You have tough skin (AC +1).


Message History

You block Natasha's attack.
The crimson imp blinks!
Unknown command.
You miss Natasha.
Natasha is almost dead.
You block the shadow imp's attack. You block the goblin's attack.
You block Natasha's attack.
Unknown command.
You closely miss Natasha.
Natasha is almost dead.
The shadow imp barely misses you. You block the goblin's attack.
Natasha claws you.
* * * LOW HITPOINT WARNING * * *
Unknown command.
Drink which item? (? for menu, Esc to quit)
It was a potion of haste.
You feel yourself speed up. You block the shadow imp's attack.
The goblin hits you but does no damage.
Natasha howls an incantation.
You feel troubled. Natasha claws you.
You die...

#..## ###..###.#....#........#
#[## #..# #...##...###..#.. #.#
#.## ###.##..)........ #.# ##.##
#.#..#.......## #.# ##...#
##.....)..##...# #.# #..#.#
#...#..#####.... ####.#
#.##.####.....## ##.... #..#.#
##.....#.h..[.## ##..... #..#.#
##.......@g....# #..##.#
[....###.......5.......# #.###.#
.....#............(....####.###.#
.......#)..............#>....#..#
......##.......................##
.....###......)...............##
....## ##......5......#.......#
....## ##....................#
.....#####.####..#####........#


You could see Natasha, a crimson imp, a shadow imp and a goblin.

Vanquished Creatures
  Natasha (twice) (D:3)
  An adder (D:2)
  2 oozes
  2 worms (D:2)
  3 giant geckos
  4 orcs (D:3)
  3 giant cockroaches
  4 goblins (D:3)
  10 hobgoblins
  2 jackals (D:1)
  A ball python (D:2)
  12 bats
  3 giant newts
  7 kobolds
  12 rats
68 creatures vanquished.

Notes
Turn   | Place    | Note
--------------------------------------------------------------
     0 | D:1      | septik the Ogre Fighter began the quest for the Orb.
     0 | D:1      | Reached XP level 1. HP: 24/24 MP: 1/1
    86 | D:1      | Reached XP level 2. HP: 24/32 MP: 2/2
   482 | D:2      | Reached XP level 3. HP: 18/39 MP: 3/3
  1028 | D:2      | Reached skill level 5 in Maces & Flails
  1395 | D:2      | Reached XP level 4. HP: 48/48 MP: 4/4
  1753 | D:3      | Noticed Scarn's ghost (amateur MiVM)
  1827 | D:3      | Found a sparkling altar of Nemelex Xobeh.
  1873 | D:3      | Noticed Natasha
  1883 | D:3      | Reached skill level 6 in Maces & Flails
  1887 | D:3      | Killed Natasha
  2063 | D:3      | Noticed Natasha
  2071 | D:3      | Killed Natasha
  2071 | D:3      | Reached XP level 5. HP: 40/54 MP: 5/5
  2085 | D:3      | Noticed Natasha
  2820 | D:3      | HP: 2/54 [Natasha (6)]
  2821 | D:3      | Slain by Natasha

Action                   |  1- 3 |  4- 6 || total
-------------------------+-------+-------++-------
Melee: Flail             |    96 |   116 ||   212
  Use: Potion            |       |     1 ||     1
  Eat: Chunk             |     2 |     3 ||     5
